 Dungeon Crawl Stone Soup version 0.21-a0-274-gc1afaeb (webtiles) character file.

295 GordonOverkill the Poker (level 6, -1/52 HPs)
             Began as a Gnoll Monk on Sept 19, 2017.
             Killed by divine providence
             ... invoked by an orc priest
              (16 damage)
             ... on level 4 of the Dungeon.
             The game lasted 00:07:16 (4915 turns).

GordonOverkill the Poker (Gnoll Monk)               Turns: 4915, Time: 00:07:17

Health: -1/52      AC:  6    Str:  7    XL:     6   Next: 34%
Magic:  2/2        EV: 11    Int:  7    God:
Gold:   115        SH:  0    Dex:  7    Spells: 5/5 levels left

rFire    . . .     SeeInvis .   h - +2 dagger (antimagic)
rCold    . . .     Gourm    .   (no shield)
rNeg     + . .     Faith    .   d - +1 ring mail
rPois    .         Spirit   .   (no helmet)
rElec    .         Reflect  .   (no cloak)
rCorr    .         Harm     .   (no gloves)
MR       .....                  (no boots)
Stlth    +.........             r - amulet of magic regeneration
HPRegen  0.17/turn              s - ring of positive energy
MPRegen  0.33/turn              (no ring)

@: slowed, very slow
A: unchanging attributes, fangs 1, strong nose
a: no special abilities


You were on level 4 of the Dungeon.
You were not hungry.

You visited 1 branch of the dungeon, and saw 4 of its levels.

You collected 115 gold pieces.

Inventory:

Hand Weapons
 a - a +0 hunting sling
 b - a +0 spear
 h - a +2 antimagic dagger (weapon)
Missiles
 l - 21 sling bullets
 o - 39 stones
 t - 7 javelins (quivered)
Armour
 d - a +1 ring mail (worn)
Jewellery
 r - an amulet of magic regeneration (around neck)
 s - a ring of positive energy (left hand)
Wands
 e - a wand of lightning (10/15)
Scrolls
 p - a scroll of fear
Potions
 f - 2 potions of resistance
Comestibles
 c - a bread ration
 g - a meat ration
 i - 2 chunks of flesh
 n - 3 royal jellies


   Skills:
 + Level 5.7 Fighting
 * Level 7.0 Polearms
 + Level 5.6 Dodging
 - Level 2.4 Stealth


You had 5 spell levels left.
You didn't know any spells.

Dungeon Overview and Level Annotations

Branches:
Dungeon (4/15)
 Temple: D:4-7

Altars:


Innate Abilities, Weirdness & Mutations

Your physical attributes are unchanging.
You have very sharp teeth.
Your uncanny sense of smell can sniff out nearby items.


Message History

The orc wizard hits you but does no damage.
You miss the orc wizard.
The orc wizard is lightly wounded.
The orc wizard hits you but does no damage.
The orc priest hits you from afar with an enchanted trident.
The orc wizard hits you but does no damage.
You hit the orc wizard.
The orc wizard's magic leaks into the air.
The orc wizard is lightly wounded.
The orc wizard falters for a moment.
The orc priest hits you from afar with an enchanted trident.
The orc wizard misses you.
The orc priest hits you from afar with an enchanted trident.
* * * LOW HITPOINT WARNING * * *
You completely miss the orc wizard.
The orc wizard is lightly wounded.
The orc wizard closely misses you.
The orc priest invokes the aid of Beogh against you.
Beogh smites you!
You die...

## .#
################.#
#..............@.#
#.##############o#
#.# o# #.# o# #.#
o# #.# o# #.# (#
#.# .#∆ #÷#


You could see 2 orc priests, an orc wizard and 2 orcs.

Vanquished Creatures
  An ogre (D:3)
  2 hounds (D:4)
  A worker ant (D:4)
  3 adders (D:2)
  An ooze (D:3)
  3 worms
  4 dart slugs
  5 orcs (D:3)
  9 bats
  5 giant cockroaches
  8 goblins
  6 hobgoblins
  9 jackals
  2 quokkas
  5 frilled lizards
  4 kobolds
  6 rats
74 creatures vanquished.

Notes
Turn   | Place    | Note
-------+----------+-------------------------------------------
     0 | D:1      | GordonOverkill the Gnoll Monk began the quest for the Orb.
     0 | D:1      | Reached XP level 1. HP: 19/19 MP: 1/1
   162 | D:1      | Reached XP level 2. HP: 25/25 MP: 2/2
   602 | D:1      | Reached XP level 3. HP: 29/31 MP: 3/3
  1056 | D:1      | Reached skill level 5 in Polearms
  1724 | D:2      | Reached XP level 4. HP: 38/38 MP: 4/4
  3382 | D:3      | Reached skill level 5 in Dodging
  3382 | D:3      | Reached XP level 5. HP: 34/43 MP: 5/5
  3450 | D:3      | Reached skill level 5 in Fighting
  3780 | D:3      | Reached skill level 6 in Polearms
  3898 | D:4      | Noticed an ogre
  4205 | D:4      | Noticed an ogre
  4332 | D:3      | HP: 2/44 [ogre/giant spiked club (14)]
  4335 | D:3      | Killed an ogre
  4335 | D:3      | Reached XP level 6. HP: 2/51 MP: 6/6
  4706 | D:4      | Reached skill level 7 in Polearms
  4915 | D:4      | Killed from afar by an orc priest

Vault maps used:
D:1:      scummos_arrival_simple_crosswalls
D:2:      minmay_surrounded
D:4:      first_bread, abandoned_shop, tso_metal_star, uniq_robin

Skill      XL: |  1  2  3  4  5  6 |
---------------+-------------------+-----
Polearms       | 5 6 7 |  7.0
Dodging        | 5 |  5.6
Fighting       | 5 |  5.7
Stealth        | |  2.4

Action                   |  1- 3 |  4- 6 || total
-------------------------+-------+-------++-------
Melee: Spear             |   204 |   190 ||   394
       Bite              |     4 |     7 ||    11
       Dagger            |       |     5 ||     5
 Fire: Hunting sling     |       |   101 ||   101
Throw: Javelin           |       |     1 ||     1
  Use: Scroll            |       |     4 ||     4
       Potion            |       |     3 ||     3
 Stab: Sleeping          |     7 |       ||     7
  Eat: Chunk             |     3 |    10 ||    13
Armor: Robe              |    17 |       ||    17
       Ring mail         |    24 |    77 ||   101
Dodge: Dodged            |    84 |   106 ||   190

Table legend:
 A = Spawn XP
 B = Non-spawn XP
 C = Spawn XP percentage of total XP
 D = Spawn monster count
 E = Non-spawn monster count
 F = Spawn count percentage of total count
 G = Total turns spent on level
                    A         B        C        D         E        F      G
               +---------+---------+-------+---------+---------+-------+---------
         Total |       0 |     422 |   0.0 |       0 |      74 |   0.0 |  4915
               +---------+---------+-------+---------+---------+-------+---------
           D:1 |       0 |      49 |   0.0 |       0 |      29 |   0.0 |  1219
           D:2 |       0 |      74 |   0.0 |       0 |      19 |   0.0 |  1414
           D:3 |       0 |     178 |   0.0 |       0 |      22 |   0.0 |  1729
           D:4 |       0 |     121 |   0.0 |       0 |       4 |   0.0 |   553
               +---------+---------+-------+---------+---------+-------+---------
